 Dungeon Crawl Stone Soup version 0.21.0 (webtiles) character file.

67 mopl the Magician (level 4, 0/30 HPs)
             Began as a Mummy Summoner on Jan 7, 2018.
             Slain by an orc (5 damage)
             ... on level 3 of the Dungeon.
             The game lasted 00:03:00 (2331 turns).

mopl the Magician (Mummy Summoner)                  Turns: 2331, Time: 00:03:01

Health: 0/30       AC:  2    Str: 11    XL:     4   Next: 0%
Magic:  4/10       EV: 12    Int: 15    God:
Gold:   149        SH:  0    Dex: 12    Spells: 2/11 levels left

rFire    x . .     SeeInvis .   g - +0 short sword
rCold    + . .     Gourm    .   (no shield)
rNeg     + + +     Faith    .   a - +0 robe
rPois    ∞         Spirit   .   (no helmet)
rElec    .         Reflect  .   (no cloak)
rCorr    .         Harm     .   (no gloves)
MR       .....                  (no boots)
Stlth    ++........             (no amulet)
HPRegen  0.10/turn              (no ring)
MPRegen  0.12/turn              (no ring)

@: no status effects
A: no food or potions, fire vulnerability, cold resistance 1, negative energy
resistance 3, torment resistance, unbreathing
a: no special abilities


You were on level 3 of the Dungeon.
You were not hungry.

You visited 1 branch of the dungeon, and saw 3 of its levels.

You collected 149 gold pieces.

Inventory:

Hand Weapons
 g - a +0 short sword (weapon)
Missiles
 d - 61 poisoned needles
 l - 6 javelins (quivered)
Armour
 a - a +0 robe (worn)
Wands
 m - a wand of polymorph (10)
Scrolls
 c - a scroll of enchant armour {unknown}
 e - 3 scrolls of remove curse {unknown}
 f - a scroll of fog {unknown}
 h - a scroll of noise {unknown}
 i - 2 scrolls of teleportation {unknown}
 j - 3 scrolls of fear {unknown}
 k - a scroll of magic mapping {unknown}
 n - 2 scrolls of identify {unknown}
Books
 b - a book of Callings

   Spells                             Type                      Level
   a - Summon Small Mammal            Summoning                    1
   b - Call Imp                       Summoning                    2
   c - Call Canine Familiar           Summoning                    3
   d - Summon Guardian Golem          Hexes/Summoning              3
   e - Summon Lightning Spire         Summoning/Air                4
   f - Summon Ice Beast               Ice/Summoning                4


   Skills:
 - Level 1.5 Dodging
 - Level 1.5 Stealth
 + Level 4.2 Spellcasting
 + Level 4.0 Summonings


You had 2 spell levels left.
You knew the following spells:

 Your Spells              Type           Power        Failure   Level  Hunger
a - Summon Small Mammal   Summ           ###.         3%          1    N/A
b - Call Imp              Summ           ###.....     4%          2    N/A
c - Call Canine Familiar  Summ           ###.....     10%         3    N/A
g - Summon Guardian Gole  Hex/Summ       #.......     22%         3    N/A

Dungeon Overview and Level Annotations

Branches:
Dungeon (3/15)

Altars:


Innate Abilities, Weirdness & Mutations

You do not eat or drink.
Your flesh is vulnerable to fire.
You are immune to poison.
Your flesh is cold resistant. (rC+)
You are immune to negative energy. (rN+++)
You are immune to unholy pain and torment.
You can survive without breathing.


Message History

The orc priest is severely wounded.
The orc priest miscasts a cantrip.
The orc hits you but does no damage.
Your crimson imp closely misses the orc priest.
Unknown command.
You hit the orc priest.
The orc priest is almost dead.
The orc priest hits you but does no damage.
The orc priest barely misses your crimson imp.
The orc hits you.
Your crimson imp hits the orc priest but does no damage.
You are too injured to fight recklessly!
You are too injured to fight recklessly!
You hit the orc priest but do no damage.
The orc priest is almost dead.
The orc priest invokes the aid of Beogh against you.
Beogh smites you!
* * * LOW HITPOINT WARNING * * *
The orc hits you.
You die...

.. #.##### ##........
####........##
#............#
###.#..>.......#
...###....5.........#
#o.†.)..oo.........#
#####..##@....[....#
#..###.<......##
....##..(.......#
...#.##..÷........
##..#.....÷.....(.#
#................#
.................#
..##..........## ..
#........)##


You could see an orc priest, an orc and a friendly crimson imp.

Vanquished Creatures
  A leopard gecko (D:2)
  7 bats
  A goblin (D:1)
  4 hobgoblins
  5 jackals
  5 kobolds
  A rat (D:1)
24 creatures vanquished.

Vanquished Creatures (collateral kills)
  Terence (D:3)
  An adder (D:2)
  A dart slug (D:1)
  A leopard gecko (D:1)
  2 orcs (D:3)
  A bat (D:1)
  A goblin (D:2)
  3 jackals
  4 kobolds
  4 frilled lizards
  3 rats
22 creatures vanquished.

Grand Total: 46 creatures vanquished

Notes
Turn   | Place    | Note
-------+----------+-------------------------------------------
     0 | D:1      | mopl the Mummy Summoner began the quest for the Orb.
     0 | D:1      | Reached XP level 1. HP: 13/13 MP: 4/4
    54 | D:1      | Reached skill level 3 in Spellcasting
   354 | D:1      | Reached XP level 2. HP: 17/19 MP: 4/6
   358 | D:1      | Learned a level 2 spell: Call Imp
  1164 | D:2      | Reached XP level 3. HP: 18/24 MP: 2/8
  1174 | D:2      | Learned a level 3 spell: Call Canine Familiar
  1178 | D:2      | Learned a level 3 spell: Summon Guardian Golem
  1981 | D:3      | Reached skill level 4 in Spellcasting
  1985 | D:3      | Noticed Terence
  2240 | D:3      | Killed Terence
  2240 | D:3      | Reached skill level 4 in Summonings
  2320 | D:3      | Reached XP level 4. HP: 29/30 MP: 3/10
  2331 | D:3      | Slain by an orc

Skill      XL: |  1  2  3 |
---------------+----------+-----
Spellcasting   | 3 4 |  4.2
Summonings     | 4 |  4.0
Dodging        | |  1.5
Stealth        | |  1.5

Action                   |  1- 3 |  4- 6 || total
-------------------------+-------+-------++-------
Melee: Unarmed           |    20 |       ||    20
       Short sword       |   100 |    11 ||   111
 Cast: Summon Small Mamm |    11 |       ||    11
       Call Imp          |    21 |       ||    21
       Call Canine Famil |     2 |       ||     2
 Stab: Distracted        |     1 |       ||     1
       Sleeping          |     3 |       ||     3
Armor: Robe              |    31 |     2 ||    33
Dodge: Dodged            |   102 |     7 ||   109
